 Dungeon Sprint DCSS version 0.17-a0-1850-g688e747 (webtiles) character file.

16972 Kidiri the Tortoise (level 12, -1/115 HPs)
             Began as a Minotaur Fighter on Sept 19, 2015.
             Was a High Priest of Trog.
             Slain by Sonja
             ... wielding a +0 short sword of distortion
              (22 damage)
             ... in the Dungeon (Sprint VII: "The Pits").
             The game lasted 00:30:41 (3490 turns).

Kidiri the Tortoise (Minotaur Fighter)              Turns: 3490, Time: 00:30:41

Health: -1/115     AC: 25    Str: 27    XL:     12   Next: 14%
Magic:  11/11      EV: 16    Int:  8    God:    Trog [*****.]
Gold:   42         SH: 15    Dex: 11    Spells: 0 memorised, 11 levels left

rFire  . . .     SeeInvis .     W - +3 eveningstar (protect)
rCold  . . .     Clarity  .     J - +0 plate armour
rNeg   . . .     SustAt   .     c - +0 shield
rPois  .         Gourm    .     (helmet restricted)
rElec  .         Spirit   .     (no cloak)
rCorr  .         Warding  .     (no gloves)
rMut   .         NoTele   +     D - +0 pair of boots
MR     ++...                    (no amulet)
Stlth  ..........               y - +3 ring of intelligence
                                x - +3 ring of evasion

@: regenerating, very resistant to hostile enchantments, extremely unstealthy
A: retaliatory headbutt, horns 2, strong 1
a: Burn Spellbooks, Berserk, Trog's Hand, Brothers in Arms, Renounce Religion


You were in the Dungeon.
You worshipped Trog.
Trog was extremely pleased with you.
You were not hungry.

You visited 1 branch You collected 42 gold pieces.

Inventory:

Hand weapons
 a - a +5 great mace of holy wrath
 q - a +1 scimitar of distortion
 E - a +2 morningstar of protection
 F - a +0 scimitar of flaming
 H - a +2 antimagic morningstar
 K - a +2 dagger of draining
 M - a +2 antimagic demon whip
 W - a +3 eveningstar of protection (weapon)
Armour
 c - a +0 shield (worn)
 s - a +0 robe
 D - a +0 pair of boots (worn)
 G - a +0 robe
 J - a +0 plate armour (worn)
 L - the -2 cloak of the Kettle-Drum {rF+ Slay+5}
   (You found it in the Dungeon)

   It affects your accuracy and damage with ranged weapons and melee attacks
   (+5).
   It protects you from fire.
Magical staves
 I - an uncursed staff of conjuration
Jewellery
 x - a +3 ring of evasion (left hand)
 y - a +3 ring of intelligence (right hand)
Magical devices
 p - a wand of frost (22)
Scrolls
 b - 2 scrolls of enchant armour
 g - 3 scrolls of fog
 k - 2 scrolls of blinking
 l - 4 scrolls of enchant weapon
 r - 5 scrolls of remove curse
 t - a scroll of summoning
 u - 2 scrolls of vulnerability
 C - 2 scrolls of identify
Potions
 d - a potion of might
 f - 8 potions of curing
 h - 2 potions of haste
 i - 4 potions of magic
 j - 4 potions of berserk rage
 o - 2 potions of invisibility
 w - 6 potions of heal wounds
 z - 6 potions of brilliance
 A - 3 potions of agility
 B - a potion of cure mutation
Comestibles
 e - 7 bread rations
 m - 40 fruits
 n - 7 meat rations
 v - 20 chunks of flesh


   Skills:
 + Level 13.2 Fighting
 * Level 17.9 Maces & Flails
 * Level 18.1 Armour
 + Level 12.0 Dodging
 * Level 18.1 Shields


You had 11 spell levels left.
You didn't know any spells.

Dungeon Overview and Level Annotations

Branches:
Dungeon (1/1)

Altars:
Ashenzari
Cheibriados
Dithmenos
Elyvilon
Fedhas
Gozag
Kikubaaqudgha
Makhleb
Nemelex Xobeh
Okawaru
Qazlal
Ru
Sif Muna
Trog
Vehumet
Xom
Yredelemnul
Zin
The Shining One
Beogh
Jiyva
Lugonu

Annotations:
D Sonja


Innate Abilities, Weirdness & Mutations

You reflexively headbutt those who attack you in melee.
You have a pair of horns on your head.
Your muscles are strong. (Str +2)


Message History

You feel slightly more hungry.
Sonja mumbles some strange words.
Sonja blinks!
Unknown command.
Your iron troll disappears!
Sonja unwields an uncursed short sword of distortion.
Its appearance distorts for a moment.
Sonja wields a blowgun.
Sonja shoots a curare-tipped needle.
You block the curare-tipped needle.
You see here a curare-tipped needle.
Sonja unwields an uncursed blowgun.
Sonja wields an uncursed short sword of distortion.
Its appearance distorts for a moment.
You block Sonja's attack. Sonja hits you but does no damage.
Space warps horribly around you!
* * * LOW HITPOINT WARNING * * *
Sonja hits you but does no damage.
You feel a strange sense of stasis.
You see here a blink frog skeleton.
You closely miss Sonja. Sonja misses you. You furiously retaliate!
You headbutt Sonja! Sonja hits you but does no damage.
Space warps horribly around you!
You die...

###################*,,*,,,,*,,***
..................++,,,,,,,,,,**,
..................++,,,,,,,,,,**,
################..#*,,*,,,,*,,**,
#*,*,#.#%#.#.#.#..#*,,,,,,,,,,++,
#,*,*,#Y#[#.#.##..#*,,,,,,,,,,++,
#*,*,*,#.#.#.#.#..#***++****++***
#,*,*,*,#Y#.#.#%(.#***++***#++###
#*,*,*,#.#.#.#.#@.#*,,,,,,*#.....
################.K#*,*+**,*#.....
..................#*,*,,+,*#..###
..................#*,+,,*,*#..#,,
#######++##########*,*,,+,*#..#,,
#######++##########*,+,,*,*#..#**
..............##..#*,**+*,*#..#,,
....#..#......##..#*,,,,,,*#..#,,
..............++..#********#..#,,


You could see Sonja.

Vanquished Creatures
  Harold (D)
  A hydra (D)
  An alligator snapping turtle (D)
  A vampire mage (D)
  A deep troll (D)
  A deep elf summoner (D)
  A wizard (D)
  A griffon (D)
  A hornet (D)
  An orc sorcerer (D)
  4 elephants (D)
  A kobold demonologist (D)
  2 efreet (D)
  A red devil (D)
  A blue devil (D)
  A freezing wraith (D)
  A slime creature (D)
  A polar bear (shapeshifter) (D)
  A two-headed ogre (D)
  A jumping spider (D)
  A troll (D)
  3 small abominations (D)
  4 blink frogs (D)
  A trapdoor spider (D)
  A snapping turtle (D)
  An air elemental (D)
  A spriggan (D)
  Eustachio (D)
  A hungry ghost (D)
  A warg (D)
  A mottled dragon (D)
  An orc warrior (D)
  2 wasps (D)
  An ice beast (D)
  A centaur (D)
  A phantom (D)
  2 slaves (D)
  A brain worm (D)
  2 big kobolds (D)
  A gnoll sergeant (D)
  2 killer bees (D)
  A wandering mushroom (D)
  An iron imp (D)
  3 orc priests (D)
  An iguana (D)
  A hound (D)
  A worker ant (D)
  An orc wizard (D)
  A sheep (D)
  3 gnolls (D)
  2 adders (D)
  2 giant eyeballs (D)
  An ufetubus (D)
  An ooze (D)
  2 adder skeletons (D)
  A giant gecko (D)
  4 orcs (D)
  A bat zombie (D)
  A goblin (D)
  A giant newt (D)
  A jackal zombie (D)
  6 kobolds (D)
90 creatures vanquished.

Vanquished Creatures (collateral kills)
  A merfolk avatar (D)
  A death yak (D)
  A soul eater (D)
  A deep troll (D)
  An unseen horror (D)
  Pikel (D)
  A hill giant (D)
  A sixfirhy (D)
  4 elephants (D)
  An orange demon (D)
  A demonic crawler (D)
  A freezing wraith (D)
  A two-headed ogre (D)
  4 blink frogs (D)
  A wyvern (D)
  2 wandering mushrooms (D)
  2 slaves (D)
  A crocodile (D)
  2 eyes of draining (D)
  2 killer bees (D)
  A hound (D)
  A sheep (D)
  A goblin (D)
33 creatures vanquished.

Vanquished Creatures (others)
  A giant newt (D)
1 creature vanquished.

Grand Total: 124 creatures vanquished

Notes
Turn   | Place    | Note
--------------------------------------------------------------
     0 | D        | Kidiri the Minotaur Fighter began the quest for the Orb.
     0 | D        | Reached XP level 1. HP: 19/19 MP: 0/0
    10 | D        | Noticed a worker ant
    14 | D        | Killed a worker ant
    14 | D        | Reached skill level 4 in Fighting
    14 | D        | Reached skill level 5 in Armour
    14 | D        | Reached skill level 1 in Dodging
    14 | D        | Reached skill level 5 in Shields
    14 | D        | Reached XP level 2. HP: 24/28 MP: 1/1
    63 | D        | Found a sacrificial altar of Ru.
    63 | D        | Found a basalt altar of Yredelemnul.
    63 | D        | Found a shadowy altar of Dithmenos.
    63 | D        | Found a deep blue altar of Sif Muna.
    63 | D        | Found a burning altar of Makhleb.
    63 | D        | Found a shimmering altar of Xom.
    63 | D        | Found an ancient bone altar of Kikubaaqudgha.
    63 | D        | Found a sparkling altar of Nemelex Xobeh.
    64 | D        | Found a glowing golden altar of the Shining One.
    64 | D        | Found a bloodstained altar of Trog.
    64 | D        | Found a shattered altar of Ashenzari.
    64 | D        | Found a white marble altar of Elyvilon.
    64 | D        | Found a snail-covered altar of Cheibriados.
    64 | D        | Found a blossoming altar of Fedhas.
    64 | D        | Found a radiant altar of Vehumet.
    64 | D        | Found a glowing silver altar of Zin.
    64 | D        | Found a corrupted altar of Lugonu.
    64 | D        | Found a viscous altar of Jiyva.
    64 | D        | Found a roughly hewn altar of Beogh.
    64 | D        | Found an iron altar of Okawaru.
    68 | D        | Became a worshipper of Trog the Wrathful
    71 | D        | Found a stormy altar of Qazlal.
    71 | D        | Found an opulent altar of Gozag.
    91 | D        | Reached XP level 3. HP: 34/34 MP: 2/2
   102 | D        | Acquired Trog's first power
   164 | D        | Paralysed by a giant eyeball for 4 turns
   170 | D        | Paralysed by a giant eyeball for 4 turns
   176 | D        | Reached skill level 5 in Maces & Flails
   240 | D        | Noticed a warg
   241 | D        | Noticed a brain worm
   250 | D        | Killed a warg
   250 | D        | Acquired Trog's second power
   250 | D        | Reached skill level 5 in Fighting
   250 | D        | Reached skill level 7 in Maces & Flails
   250 | D        | Reached XP level 4. HP: 44/44 MP: 3/3
   250 | D        | Reached XP level 5. HP: 50/50 MP: 4/4
   254 | D        | Killed a brain worm
   254 | D        | Reached skill level 8 in Armour
   390 | D        | Noticed an orc warrior
   390 | D        | Noticed an orc priest
   390 | D        | Noticed an ice beast
   395 | D        | Noticed an iron imp
   404 | D        | Killed an ice beast
   404 | D        | Reached XP level 6. HP: 30/58 MP: 5/5
   442 | D        | HP: 3/87 [orc warrior/mace (10)]
   444 | D        | Killed an orc warrior
   444 | D        | Reached skill level 9 in Maces & Flails
   444 | D        | Reached skill level 5 in Dodging
   452 | D        | Killed an iron imp
   459 | D        | Acquired Trog's third power
   463 | D        | Killed an orc priest
   555 | D        | Noticed a centaur
   559 | D        | Killed a centaur
   559 | D        | Received a gift from Trog
   559 | D        | Reached skill level 10 in Shields
   559 | D        | Reached XP level 7. HP: 60/66 MP: 6/6
   626 | D        | Noticed a griffon
   639 | D        | Killed a griffon
   639 | D        | Reached skill level 10 in Maces & Flails
   639 | D        | Reached skill level 10 in Armour
   639 | D        | Reached skill level 11 in Shields
   639 | D        | Reached XP level 8. HP: 46/74 MP: 7/7
   767 | D        | Noticed an orc priest
   767 | D        | Noticed an orc priest
   767 | D        | Noticed an orc wizard
   768 | D        | Killed an orc priest
   776 | D        | Killed an orc wizard
   778 | D        | Killed an orc priest
   779 | D        | Received a gift from Trog
  1009 | D        | Noticed Pikel
  1009 | D        | Noticed a slave
  1009 | D        | Noticed a slave
  1009 | D        | Noticed a slave
  1009 | D        | Noticed a slave
  1009 | D        | Noticed a hill giant
  1011 | D        | Killed a slave
  1014 | D        | Killed a slave
  1019 | D        | Killed a slave
  1020 | D        | Killed a hill giant
  1023 | D        | Killed Pikel
  1023 | D        | Reached skill level 12 in Maces & Flails
  1028 | D        | Killed a freed slave
  1259 | D        | Noticed a hungry ghost
  1262 | D        | Noticed a small abomination
  1276 | D        | Killed a hungry ghost
  1276 | D        | Reached XP level 9. HP: 72/83 MP: 2/8
  1286 | D        | Killed a small abomination
  1387 | D        | Noticed a two-headed ogre
  1392 | D        | Killed a two-headed ogre
  1406 | D        | Noticed an eye of draining
  1406 | D        | Noticed a snapping turtle
  1406 | D        | Noticed a death yak
  1406 | D        | Noticed an eye of draining
  1466 | D        | Killed a snapping turtle
  1466 | D        | Reached skill level 13 in Shields
  1484 | D        | Killed an eye of draining
  1486 | D        | Killed a death yak
  1486 | D        | Reached skill level 10 in Fighting
  1489 | D        | Killed an eye of draining
  1502 | D        | Killed an unseen horror
  1502 | D        | Received a gift from Trog
  1691 | D        | Noticed a big kobold
  1692 | D        | Noticed a hound
  1696 | D        | Killed a big kobold
  1698 | D        | Noticed an orc sorcerer
  1698 | D        | Killed a hound
  1700 | D        | Noticed a deep troll
  1705 | D        | Killed an orc sorcerer
  1705 | D        | Reached skill level 14 in Shields
  1705 | D        | Reached XP level 10. HP: 92/94 MP: 3/9
  1706 | D        | Noticed a big kobold
  1714 | D        | Killed a deep troll
  1717 | D        | Killed a big kobold
  1722 | D        | Noticed a kobold demonologist
  1724 | D        | Noticed a soul eater
  1727 | D        | Noticed an air elemental
  1739 | D        | Killed a kobold demonologist
  1743 | D        | Killed an air elemental
  1792 | D        | Noticed a jumping spider
  1793 | D        | Noticed a gnoll sergeant
  1793 | D        | Noticed a red devil
  1798 | D        | Killed a jumping spider
  1809 | D        | Killed a gnoll sergeant
  1826 | D        | Killed a red devil
  1827 | D        | Noticed a wasp
  1829 | D        | Noticed a spriggan rider
  1833 | D        | Killed a wasp
  1843 | D        | Killed a spriggan
  1843 | D        | Received a gift from Trog
  1846 | D        | Killed a wasp
  1903 | D        | Noticed Harold
  1904 | D        | Noticed a blue devil
  1918 | D        | Killed Harold
  1918 | D        | Reached skill level 15 in Maces & Flails
  1918 | D        | Reached skill level 15 in Armour
  1918 | D        | Reached skill level 10 in Dodging
  1918 | D        | Reached skill level 15 in Shields
  1920 | D        | Killed a blue devil
  1966 | D        | Noticed a troll
  1966 | D        | Noticed an elephant
  1971 | D        | Killed an elephant
  1979 | D        | Killed a troll
  1979 | D        | Received a gift from Trog
  2186 | D        | Noticed a wandering mushroom
  2186 | D        | Noticed a two-headed ogre
  2186 | D        | Noticed a trapdoor spider
  2186 | D        | Noticed a hound
  2186 | D        | Noticed a killer bee
  2186 | D        | Noticed a blink frog
  2186 | D        | Noticed a blink frog
  2186 | D        | Noticed a blink frog
  2187 | D        | Noticed a killer bee
  2187 | D        | Noticed a killer bee
  2187 | D        | Noticed a killer bee
  2187 | D        | Noticed a blink frog
  2188 | D        | Noticed an efreet
  2189 | D        | Killed a hound
  2191 | D        | Killed a killer bee
  2193 | D        | Noticed a freezing wraith
  2194 | D        | Killed a blink frog
  2196 | D        | Killed a trapdoor spider
  2198 | D        | Killed a killer bee
  2201 | D        | Killed a killer bee
  2202 | D        | Noticed a demonic crawler
  2203 | D        | Received a gift from Trog
  2205 | D        | Killed a killer bee
  2207 | D        | Got an encrusted flail {god gift}
  2207 | D        | Killed a two-headed ogre
  2207 | D        | Reached XP level 11. HP: 103/103 MP: 3/10
  2208 | D        | Identified the +5 flail of Suoteaga {freeze, Str+4 Dex+2} (Trog gifted it to you in the Dungeon)
  2211 | D        | Killed an efreet
  2211 | D        | Killed a demonic crawler
  2213 | D        | Killed a freezing wraith
  2217 | D        | Killed a blink frog
  2217 | D        | Received a gift from Trog
  2223 | D        | Killed a blink frog
  2226 | D        | Killed a blink frog
  2226 | D        | Reached skill level 16 in Shields
  2235 | D        | Killed a wandering mushroom
  2711 | D        | Noticed Eustachio
  2711 | D        | Paralysed by a giant eyeball for 3 turns
  2718 | D        | Paralysed by a giant eyeball for 2 turns
  2724 | D        | Noticed an elephant
  2725 | D        | Noticed an elephant
  2725 | D        | Noticed an elephant
  2726 | D        | Noticed an elephant
  2727 | D        | Noticed an elephant
  2729 | D        | Noticed an elephant
  2730 | D        | Noticed a sixfirhy
  2735 | D        | Killed Eustachio
  2737 | D        | Killed an elephant
  2743 | D        | Killed an elephant
  2743 | D        | Killed a sixfirhy
  2746 | D        | Killed an elephant
  2749 | D        | Killed an elephant
  2751 | D        | Killed an elephant
  2754 | D        | Killed an elephant
  2754 | D        | Received a gift from Trog
  2769 | D        | Noticed an elephant
  2780 | D        | Killed an elephant
  2842 | D        | Noticed a small abomination
  2844 | D        | Noticed a mottled dragon
  2847 | D        | Killed a small abomination
  2849 | D        | Killed a mottled dragon
  2863 | D        | Noticed a deep elf summoner
  2864 | D        | Noticed a phantom
  2871 | D        | Killed a deep elf summoner
  2875 | D        | Killed a phantom
  2889 | D        | Noticed a crocodile
  2889 | D        | Noticed a hornet
  2889 | D        | Noticed a wyvern
  2900 | D        | Paralysed by a hornet for 4 turns
  2907 | D        | Killed a hornet
  2907 | D        | Killed a crocodile
  2909 | D        | Killed a wyvern
  3290 | D        | Noticed a blink frog
  3290 | D        | Noticed a freezing wraith
  3290 | D        | Noticed a wandering mushroom
  3290 | D        | Noticed a small abomination
  3291 | D        | Killed a small abomination
  3292 | D        | Noticed a blink frog
  3292 | D        | Noticed a blink frog
  3295 | D        | Killed a blink frog
  3295 | D        | Reached skill level 17 in Armour
  3297 | D        | Noticed an orange demon
  3298 | D        | Killed a blink frog
  3298 | D        | Received a gift from Trog
  3300 | D        | Noticed a polar bear
  3305 | D        | Killed a blink frog
  3306 | D        | Noticed an eight-headed hydra
  3313 | D        | Killed an eight-headed hydra
  3316 | D        | Noticed a blink frog
  3321 | D        | Noticed a vampire mage
  3322 | D        | Killed a polar bear
  3324 | D        | Noticed an efreet
  3327 | D        | Killed a vampire mage
  3332 | D        | Killed an efreet
  3333 | D        | Noticed an alligator snapping turtle
  3338 | D        | HP: 5/106 [alligator snapping turtle (6)]
  3345 | D        | Killed a blink frog
  3345 | D        | Received a gift from Trog
  3359 | D        | Noticed an iguana
  3361 | D        | Killed an alligator snapping turtle
  3362 | D        | Noticed a wizard
  3366 | D        | Noticed a merfolk avatar
  3366 | D        | Killed a wizard
  3383 | D        | Noticed a soul eater
  3395 | D        | Killed a wandering mushroom
  3408 | D        | Killed a freezing wraith
  3408 | D        | Reached XP level 12. HP: 36/115 MP: 11/11
  3417 | D        | Killed a merfolk avatar
  3418 | D        | Noticed a wandering mushroom
  3420 | D        | Killed a wandering mushroom
  3426 | D        | Killed a soul eater
  3426 | D        | Reached skill level 18 in Armour
  3427 | D        | Killed an orange demon
  3431 | D        | Killed an iguana
  3441 | D        | Gained mutation: Your muscles are strong. (Str +2) [mutagenic meat]
  3450 | D        | Noticed a deep troll
  3451 | D        | Got the -2 cloak of the Kettle-Drum {rF+ Slay+5}
  3457 | D        | Noticed a slime creature
  3462 | D        | Killed a slime creature
  3462 | D        | Received a gift from Trog
  3474 | D        | Killed a deep troll
  3483 | D        | Noticed Sonja
  3490 | D        | Slain by Sonja

Vault maps used:
D:        pitsprint

Action                   |  1- 3 |  4- 6 |  7- 9 | 10-12 || total
-------------------------+-------+-------+-------+-------++-------
Melee: Flail             |     3 |       |       |     5 ||     8
       Mace              |    20 |    53 |    23 |       ||    96
       Morningstar       |       |       |    97 |   107 ||   204
       Eveningstar       |       |       |       |   144 ||   144
Invok: Berserk           |     1 |     1 |       |     1 ||     3
       Trog's Hand       |       |     2 |     6 |    10 ||    18
       Brothers in Arms  |       |       |     2 |     8 ||    10
  Use: Potion            |       |     5 |     3 |     4 ||    12
       Scroll            |       |       |       |     1 ||     1
  Eat: Chunk             |       |     1 |     3 |    11 ||    15
       Bread ration      |       |       |     1 |       ||     1
